AoeStats
← chewie1706

Arena

507367340Analyzed
4v4 RM · 13d ago on Sep 17, 2026· 39m 41s· 8 players
Game mode
Random Map
Map size
Large (8 player)
Population
200
Speed
Normal
Resources
Standard
Victory
Conquest
Starting age
Dark Age
Ending age
Imperial Age
RankedLock teamsTeams togetherTeam positionsShared explorationLock speedFull tech treeHidden civsTurbo modeCheats
Victory
Defeat
🇲🇽 Franks · Mexico
1486
+13
🇲🇽 Khmer · Mexico
1377
+17
🇲🇽 Teutons · Mexico
1364
+18
🇲🇽 Bohemians · Mexico
1361
+18
🇫🇷 Mongols · France
1519
-20
🇫🇷 Bengalis · France
1489
-20
🇫🇷 Wei · France
1391
-16
🇫🇷 Burgundians · France
1247
-10
UxLiho
10:02 Feudal Age
14:50 Castle Age
13:25 Double-Bit Axe
16:06 Bow Saw
23:12 Wheelbarrow
29:03 Imperial Age
26:51 Hand Cart
26:51 Loom
27:42 Scale Barding Armor
27:48 Forging
28:50 Chain Barding Armor
29:03 Husbandry
29:19 Gold Mining
29:21 Stone Mining
29:07 Cavalier
29:49 Capped Ram
31:08 Gold Shaft Mining
31:36 Plate Barding Armor
32:32 Paladin
34:28 Iron Casting
35:26 Chemistry
38:24 Conscription
39:22 Caravan
40:28 Coinage
UxDora
8:39 Loom
11:48 Feudal Age
16:11 Castle Age
14:37 Double-Bit Axe
23:20 Bow Saw
28:25 Fervor
29:21 Wheelbarrow
33:07 Imperial Age
30:34 Horse Collar
32:08 Chemistry
31:55 Hand Cart
31:36 Pikeman
33:28 Halberdier
34:31 Conscription
34:17 Scale Mail Armor
35:16 Chain Mail Armor
35:43 Forging
36:20 Squires
36:49 Heavy Plow
38:15 Iron Casting
39:36 Plate Mail Armor
39:08 Fletching
39:18 Padded Archer Armor
39:57 Guilds
Habacucc
6:40 Loom
9:32 Feudal Age
10:49 Fletching
20:40 Stone Mining
21:57 Horse Collar
22:11 Double-Bit Axe
26:32 Gold Mining
27:42 Wheelbarrow
32:23 Castle Age
30:42 Town Watch
33:26 Bodkin Arrow
33:42 Bow Saw
33:33 Heavy Plow
39:53 Hand Cart
HK El Primo
10:55 Feudal Age
14:11 Castle Age
12:18 Horse Collar
13:11 Double-Bit Axe
15:20 Heavy Plow
15:31 Bow Saw
21:05 Loom
22:41 Gold Mining
27:46 Imperial Age
27:47 Bloodlines
27:55 Elite Battle Elephant
28:47 Forging
28:54 Husbandry
29:25 Scale Barding Armor
30:08 Crop Rotation
32:39 Wheelbarrow
32:43 Coinage
33:51 Chain Barding Armor
34:03 Hand Cart
35:49 Ballistics
36:30 Chemistry
37:22 Tusk Swords
38:39 Conscription
39:10 Heavy Scorpion
40:03 Siege Engineers
chewie1706
4:46 Loom
7:12 Feudal Age
8:09 Double-Bit Axe
8:42 Fletching
17:26 Wheelbarrow
16:36 Town Watch
16:42 Town Watch
21:53 Castle Age
20:07 Stone Mining
22:44 Bow Saw
22:15 Horse Collar
24:51 Bodkin Arrow
32:44 Imperial Age
30:31 Gold Mining
32:10 Bodkin Arrow
32:56 Padded Archer Armor
34:16 Bracer
36:57 Leather Archer Armor
38:28 Chemistry
38:51 Ballistics
39:34 Parthian Tactics
Eras Mousse
7:17 Loom
10:19 Feudal Age
14:54 Horse Collar
16:53 Fletching
27:23 Scale Mail Armor
34:30 Castle Age
33:01 Double-Bit Axe
35:35 Bow Saw
36:40 Town Watch
37:30 Wheelbarrow
AGS.Euphiebe
5:17 Loom
12:02 Feudal Age
10:53 Double-Bit Axe
12:20 Horse Collar
16:06 Castle Age
14:48 Bow Saw
17:56 Two-Man Saw
17:00 Heavy Plow
22:54 Forging
22:26 Cavalier
23:06 Husbandry
25:02 Iron Casting
25:07 Scale Barding Armor
25:19 Fletching
27:09 Chain Barding Armor
30:19 Squires
29:40 Pikeman
30:19 Light Cavalry
34:56 Imperial Age
33:27 Wheelbarrow
33:34 Wheelbarrow
33:01 Scale Mail Armor
34:17 Chain Mail Armor
34:16 Gold Mining
35:02 Halberdier
36:52 Blast Furnace
36:34 Plate Mail Armor
35:35 Halberdier
37:40 Plate Barding Armor
38:37 Chemistry
38:16 Paladin
AGS.Sylvatica
10:31 Feudal Age
14:06 Castle Age
12:11 Double-Bit Axe
12:20 Horse Collar
13:19 Gold Mining
15:08 Bow Saw
22:43 Wheelbarrow
23:14 Loom
24:08 Hand Cart
25:31 Town Watch
26:16 Bloodlines
26:06 Husbandry
29:19 Imperial Age
27:08 Heavy Plow
29:54 Scale Barding Armor
29:59 Forging
30:23 Heavy Hei Guang Cavalry
31:51 Chain Barding Armor
32:06 Iron Casting
37:27 Blast Furnace
37:13 Conscription
38:04 Fletching
39:08 Bodkin Arrow
39:51 Masonry
Connection lost

Rejoining the realm…

Still unreachable

The connection could not be restored.

Session expired

The server has moved on; the page needs a fresh start.